 Dungeon Crawl Stone Soup version 0.28-a0-925-gd5e1996cdb (webtiles) character file.

Game seed: 13754642414373938980

42 ytrimaz the Skirmisher (level 3, -1/29 HPs)
             Began as a Demonspawn Fighter on Nov 26, 2021.
             Slain by a worm (5 damage)
             ... on level 2 of the Dungeon.
             The game lasted 00:00:56 (761 turns).

ytrimaz the Skirmisher (Demonspawn Fighter)          Turns: 761, Time: 00:00:56

Health: -1/29      AC:  6    Str: 17    XL:     3   Next: 35%
Magic:  3/3        EV:  9    Int:  9    God:
Gold:   31         SH:  5    Dex: 12    Spells: 2/2 levels left

rFire   . . .      SeeInvis .   a - +0 war axe
rCold   . . .      Faith    .   c - +1 buckler
rNeg    . . .      Spirit   .   b - +0 scale mail
rPois   .          Reflect  .   (helmet restricted)
rElec   .          Harm     .   (no cloak)
rCorr   .          Rampage  .   (no gloves)
Will    .....                   (no boots)
Stlth   ..........              e - amulet of the acrobat
HPRegen 0.09/turn               (no ring)
MPRegen 0.08/turn               (no ring)

@: no status effects
A: antennae 1, powered by pain 1
a: no special abilities


You were on level 2 of the Dungeon.
You visited 1 branch of the dungeon, and saw 2 of its levels.

You collected 31 gold pieces.

Inventory:

Hand Weapons
 a - a +0 war axe (weapon)
Missiles
 g - a throwing net (quivered)
Armour
 b - a +0 scale mail (worn)
 c - a +1 buckler (worn)
Jewellery
 e - an amulet of the acrobat (around neck)
Scrolls
 j - a scroll of immolation {unknown}
Potions
 d - a potion of might
 f - a potion of curing {unknown}
 h - a potion of brilliance {unknown}
 i - 2 potions of mutation {unknown}


   Skills:
 + Level 3.3 Fighting
 + Level 2.5 Axes
 + Level 3.0 Armour
 + Level 3.0 Shields


You had 2 spell levels left.
You didn't know any spells.
Your spell library was empty.

Dungeon Overview and Level Annotations

Branches:
Dungeon (2/15)

Altars:


Innate Abilities, Weirdness & Mutations

You have a pair of small antennae on your head.
You sometimes gain a little power by taking damage.


Message History

The ball python constricts you.
The endoplasm quivers.
You slash the ball python!
You kill the ball python!
You hit the adder.
You kill the adder!
You completely miss the giant cockroach.
The giant cockroach bites you but does no damage.
The giant cockroach bites you.
Your Shields skill increases to level 3!
The giant cockroach misses you.
Unknown command.
You barely miss the giant cockroach.
The giant cockroach is heavily wounded.
The giant cockroach closely misses you.
Unknown command.
You slash the giant cockroach!
You kill the giant cockroach!
You barely miss the worm. You slash the worm! You block the worm's attack.
The worm bites you.
Unknown command.
You hit the worm but do no damage. x2; You hit the endoplasm.
The worm bites you. The endoplasm freezes you.
You are frozen.
The worm bites you.
You barely miss the worm. x2; You hit the endoplasm.
You kill the endoplasm!
The worm bites you. x2
* * * LOW HITPOINT WARNING * * *
Unknown command.
You slash the worm!
The worm is heavily wounded.
You hit the worm. You block the worm's attack. x2
Unknown command.
You hit the worm.
The worm is heavily wounded.
You slash the worm! The worm bites you.
* * * LOW HITPOINT WARNING * * *
The worm bites you.
You die...

## ....
#####..).
#........
####........
##...........
#............
#...<........
...#..†w@.......
........w.....##
..............#
....###....>..#
.... #.......#
#+# #.......#
#########


You could see 2 worms.

Vanquished Creatures
  An adder (D:2)
  2 endoplasms
  2 giant cockroaches
  5 goblins (D:1)
  2 hobgoblins (D:1)
  4 kobolds (D:1)
  2 quokkas (D:1)
  3 ball pythons
  6 bats (D:1)
  A rat (D:1)
28 creatures vanquished.

Notes
Turn   | Place    | Note
-------+----------+-------------------------------------------
     0 | D:1      | ytrimaz the Demonspawn Fighter began the quest for the Orb.
     0 | D:1      | Reached XP level 1. HP: 18/18 MP: 1/1
   180 | D:1      | Gained mutation: You have a pair of small antennae on your
                  | head. [demonic ancestry]
   180 | D:1      | Reached XP level 2. HP: 24/24 MP: 2/2
   517 | D:1      | Found a faded altar of an unknown god.
   701 | D:1      | Gained mutation: You sometimes gain a little power by
                  | taking damage. [demonic ancestry]
   701 | D:1      | Reached XP level 3. HP: 28/29 MP: 3/3
   761 | D:2      | Slain by a worm

Illustrated notes

Levels and vault maps discovered:
D:1:      wander_arrival_chamber, layout_rooms,
          hellmonk_ecumenical_altar_prayer_group
D:2:      layout_basic, minmay_tetromino_o2, uniq_jessica

Skill      XL: |  1  2  3 |
---------------+----------+-----
Axes           | 2 |  2.5
Armour         | 3 |  3.0
Shields        | 3 |  3.0
Fighting       | |  3.3

Action                   || total
-------------------------++-------
Melee: War axe           ||    81
  Use: Scroll            ||     2
Armor: Scale mail        ||    55
Dodge: Dodged            ||    58
Block: Buckler           ||    31

Table legend: (Time is in decaauts)
 A = Elapsed time spent in this place.
 B = Non-inter-level travel time spent in this place.
 C = Inter-level travel time spent in this place.
 D = Time resting spent in this place.
 E = Time spent auto-exploring this place.
 F = Levels seen in this place.
 G = Mean time per level.
                   A        B        C        D        E       F      G
               +--------+--------+--------+--------+--------+-----+--------+
         Total |    794 |    779 |     15 |      0 |    569 |   2 |  397.0 |
       Dungeon |    794 |    779 |     15 |      0 |    569 |   2 |  397.0 |
               +--------+--------+--------+--------+--------+-----+--------+

Top non-repeatable levels by time:
     D:1: 777 daAuts
     D:2: 16 daAuts
